Map: Abyssal Reef LE

Players

Elazer

  • Race: Zerg Zerg
  • Spawn Location: 11:00

souL - Winner!

  • Race: Terran Terran
  • Spawn Location: 5:00

Event: IEM XI Katowice - World Championship 2017

VOD

Have the link to the VOD?

Description

Time

  • Played on: Feb. 27, 2017, 9:39 a.m.
  • Length: 11:09

All games in this series

Show
View Real Time Build Order
Export as new Build Order

Elazer Zerg 

Build Orders: Hatch First 

Get SALT Encoding   

  12  0:00  Drone  
  13  0:12  Overlord  
  13  0:17  Drone  
  14  0:30  Drone x2  
  14  0:34  Drone  
  17  0:52  Hatchery  
  17  0:55  Drone  
  17  0:58  Drone  
  18  1:06  Drone  
  18  1:09  Extractor  
  18  1:16  Spawning Pool  
  17  1:20  Drone  
  18  1:28  Drone  
  19  1:38  Overlord  
  19  2:02  Queen  
  19  2:03  Zergling x4, Queen  
  19  2:04  Drone  
  26  2:08  Metabolic Boost  
  26  2:34  Zergling x8  
  30  2:40  Queen  
  30  2:42  Queen  
  30  2:43  Zergling x2  
  34  2:44  Overlord  
  34  2:53  Zergling x4  
  34  2:56  Spore Crawler  
  35  3:11  Zergling x4  
  35  3:12  Zergling x2, Overlord  
  38  3:15  Drone x2  
  38  3:16  Drone  
  40  3:23  Zergling x2  
  40  3:24  Zergling x2  
  41  3:28  Zergling x4  
  43  3:36  Zergling x4  
  43  3:40  Drone  
  46  3:45  Drone  
  47  3:52  Drone  
  47  3:53  Hatchery  
  47  3:54  Drone  
  48  3:56  Drone  
  48  4:00  Drone  
  50  4:04  Zergling x2  
  50  4:05  Zergling x2  
  45  4:10  Zergling x6  
  45  4:14  Queen  
  50  4:19  Overlord  
  50  4:22  Zergling x2  
  51  4:31  Overlord  
  51  4:37  Hatchery, Overlord  
  51  4:38  Drone x2  
  52  4:40  Drone  
  52  4:44  Drone  
  52  4:47  Drone x2  
  54  4:55  Zergling x4  
  54  4:58  Zergling x2  
  54  4:59  Zergling x4  
  59  5:01  Overlord  
  59  5:05  Zergling x2  
  60  5:12  Zergling x6  
  62  5:14  Overlord  
  62  5:21  Overlord  
  49  5:29  Overlord  
  49  5:30  Drone x2  
  49  5:31  Drone x2  
  54  5:35  Drone x2  
  54  5:36  Drone  
  54  5:42  Evolution Chamber  
  55  5:43  Evolution Chamber  
  55  5:46  Zergling x4  
  56  5:51  Zergling x2  
  56  5:53  Zergling x2  
  56  5:54  Zergling x2  
  59  6:01  Zergling x2  
  59  6:02  Zergling x2  
  59  6:03  Zergling x2  
  62  6:11  Drone x4  
  62  6:16  Overlord  
  66  6:20  Overlord  
  66  6:23  Drone x6  
  66  6:24  Drone  
  73  6:29  Overlord  
  73  6:32  Overlord  
  72  6:35  Zerg Melee Weapons Level 1, Zerg Ground Armor Level 1  
  72  6:38  Queen  
  74  6:40  Extractor  
  74  6:41  Zergling x2  
  74  6:42  Zergling x4  
  76  6:50  Drone  
  76  6:51  Zergling x2, Drone x2  
  76  6:52  Zergling x8  
  84  6:55  Zergling x2  
  84  6:58  Baneling Nest  
  84  7:00  Overlord  
  84  7:06  Zergling x10  
  89  7:09  Overlord, Drone  
  89  7:10  Lair  
  89  7:15  Drone  
  90  7:21  Zergling x4, Overlord  
  90  7:22  Zergling x8  
  96  7:26  Overlord  
  96  7:33  Zergling x2  
  96  7:34  Zergling x8  
  101  7:39  Overlord  
  101  7:44  Drone x2  
  94  7:47  Spore Crawler, Overlord  
  94  7:50  Drone x3  
  95  7:55  Drone x2  
  95  7:56  Drone x2  
  93  8:01  Drone  
  93  8:03  Drone x3  
  96  8:07  Queen  
  96  8:12  Drone x2  
  93  8:15  Overlord  
  93  8:17  Centrifical Hooks  
  93  8:20  Extractor, Drone x2  
  93  8:21  Hatchery  
  93  8:23  Zergling x2  
  93  8:27  Zergling x4  
  90  8:37  Overlord  
  90  8:39  Zerg Melee Weapons Level 2  
  88  8:43  Queen  
  88  8:47  Zergling x2  
  88  8:48  Zergling x20  
  99  8:57  Extractor  
  99  8:59  Drone x3  
  98  9:11  Zergling x12  
  104  9:20  Zergling x12  
  104  9:21  Overseer  
  104  9:23  Baneling x6  
  104  9:24  Baneling x2  
  107  9:34  Overlord  
  107  9:38  Infestation Pit, Drone x7  
  112  9:45  Overlord  
  110  9:52  Drone x5  
  109  9:53  Overlord  
  109  9:55  Zergling x8  
  111  10:03  Drone x4  
  111  10:04  Drone  
  114  10:07  Spore Crawler  
  114  10:10  Overlord  
  114  10:13  Zergling x14  
  118  10:24  Overlord  
  118  10:27  Drone x3  
  109  10:32  Overlord  
  109  10:33  Drone x3  
  105  10:38  Overlord  
  102  10:43  Zergling x14  
  102  10:49  Zergling x6  
Show
View Real Time Build Order
Export as new Build Order

souL Terran - Winner!

Build Orders: MMM Bio 

Get SALT Encoding   

  12  0:01  SCV  
  13  0:13  SCV  
  14  0:20  Supply Depot  
  14  0:26  SCV  
  15  0:42  SCV  
  16  0:43  Barracks  
  16  0:46  Refinery  
  16  0:54  SCV  
  17  1:01  Barracks  
  17  1:06  SCV  
  18  1:18  SCV  
  19  1:31  Reaper, Orbital Command  
  20  1:38  Barracks  
  20  1:45  Refinery  
  20  1:49  Reaper  
  21  1:55  Supply Depot  
  21  1:59  SCV  
  22  2:05  Reaper  
  23  2:17  SCV  
  23  2:18  Supply Depot  
  23  2:22  Reaper  
  25  2:26  Reaper  
  25  2:29  SCV  
  27  2:31  Supply Depot  
  27  2:37  Reaper  
  27  2:43  SCV  
  29  2:54  Reaper  
  29  2:58  Reaper  
  32  3:09  Reaper  
  32  3:10  Command Center  
  33  3:12  SCV  
  33  3:26  Reaper, SCV  
  35  3:30  Reaper  
  36  3:38  SCV  
  37  3:41  Reaper  
  38  3:50  SCV  
  38  3:53  Command Center  
  38  3:59  Reaper  
  38  4:02  Reaper, SCV  
  41  4:15  SCV  
  43  4:23  Factory  
  43  4:24  Orbital Command  
  43  4:27  SCV  
  44  4:31  Barracks Reactor  
  44  4:33  Barracks Tech Lab  
  44  4:35  Barracks Reactor  
  43  4:39  SCV  
  44  4:51  SCV  
  45  4:53  Marine  
  45  4:54  Stimpack  
  45  4:55  SCV  
  47  5:01  Engineering Bay  
  47  5:02  Engineering Bay  
  47  5:04  SCV  
  47  5:06  Orbital Command  
  47  5:07  SCV  
  49  5:08  Marine  
  49  5:11  Marine  
  49  5:12  Marine  
  52  5:15  Marine  
  52  5:16  SCV  
  52  5:19  SCV  
  55  5:23  Orbital Command  
  55  5:24  Starport, Factory Reactor  
  55  5:26  Marine  
  55  5:28  SCV  
  56  5:29  Marine  
  56  5:30  Marine  
  56  5:31  Marine  
  57  5:36  Refinery  
  57  5:37  Refinery  
  57  5:40  SCV x2  
  57  5:41  Supply Depot  
  59  5:45  Marine  
  59  5:46  Marine  
  59  5:47  Marine  
  62  5:50  SCV  
  62  5:52  Terran Infantry Weapons Level 1, SCV x2  
  62  5:54  Terran Infantry Armor Level 1  
  65  6:02  SCV  
  66  6:04  SCV x2  
  66  6:07  Marine  
  66  6:09  Factory Reactor  
  69  6:11  Medivac  
  69  6:13  Marine x2  
  69  6:14  Bunker  
  69  6:15  Marine, SCV  
  69  6:16  SCV x2  
  69  6:17  Marine  
  78  6:25  Marine  
  77  6:27  SCV  
  77  6:28  SCV  
  77  6:31  Marine x2  
  80  6:33  Marine, Medivac  
  80  6:34  Marine  
  84  6:41  SCV, Barracks  
  84  6:43  Barracks  
  85  6:49  Supply Depot  
  85  6:51  Supply Depot  
  85  6:53  Supply Depot  
  85  6:54  Combat Shields  
  85  7:10  Marine, Widow Mine, SCV x3  
  85  7:12  Supply Depot, Marine x2  
  85  7:14  Marine  
  85  7:15  Marine  
  95  7:22  Armory, SCV x3  
  98  7:28  Marine x2  
  100  7:34  SCV x3  
  100  7:35  Widow Mine  
  100  7:37  Marine x5  
  106  7:45  Marine  
  106  7:46  SCV x2  
  109  7:54  Marine, Medivac  
  109  7:55  Marine x3  
  109  7:57  Medivac  
  110  7:58  SCV  
  110  7:59  SCV  
  110  8:00  Barracks Reactor  
  110  8:01  Barracks Reactor  
  110  8:03  Marine  
  110  8:04  Widow Mine  
  110  8:05  SCV  
  113  8:11  Liberator x2, Terran Infantry Weapons Level 2  
  113  8:12  Marine x3  
  113  8:13  Marine  
  113  8:15  Terran Infantry Armor Level 2  
  117  8:21  Refinery x2  
  117  8:24  Supply Depot  
  117  8:28  Marine  
  117  8:30  Marine  
  117  8:32  Supply Depot  
  117  8:34  Supply Depot  
  125  8:35  Supply Depot  
  125  8:36  Supply Depot  
  125  8:40  Marine  
  125  8:41  Marine  
  125  8:42  Marine, SCV x2  
  125  8:46  Marine x5, SCV  
  125  8:48  Marine  
  132  8:50  Factory  
  132  8:53  Widow Mine x2  
  132  8:54  SCV  
  137  8:58  Marine  
  137  9:02  Barracks  
  138  9:03  Supply Depot  
  138  9:04  Barracks  
  138  9:05  Barracks  
  136  9:14  Marine  
  135  9:18  SCV x2  
  135  9:19  Command Center  
  135  9:21  Supply Depot, Marine  
  135  9:22  Widow Mine  
  135  9:23  Supply Depot  
  140  9:24  Medivac  
  140  9:29  Marine  
  140  9:30  Marine  
  143  9:31  Widow Mine  
  143  9:37  Command Center  
  144  9:39  Medivac  
  144  9:43  Marine, Marauder  
  151  9:50  Marine  
  151  9:51  Widow Mine  
  151  9:52  Marine x5  
  150  9:54  Medivac  
  150  9:58  Factory Tech Lab, Barracks Tech Lab x3  
  150  10:05  Marauder  
  152  10:09  Medivac  
  152  10:12  Supply Depot  
  152  10:13  Supply Depot, Marine x5  
  159  10:14  Marine  
  159  10:15  Marine  
  159  10:19  Thor  
  164  10:23  Widow Mine  
  164  10:26  Marine, Widow Mine, Marauder  
  170  10:29  Marine  
  159  10:38  Marine, Marauder  
  159  10:40  Marine  

Tags
 
Add a new tag
Caveats
  • Supply blocks, unpowered buildings, or Contaminate may cause inaccurate times.
  • Supply counts are checked every 10 seconds.